SR
MOOSE JAW CANUCKS @ STATEN ISLAND PIZZA RATS
09/04/2033
 
TOP OF THE 1ST
Moose Jaw Canucks batting - Pitching for Staten Island Pizza Rats : LHP Artur Corteso
Pitching: LHP Artur Corteso
Batting: RHB António Valentín 0-0: Ball
1-0: Reached on error, E6 (Groundball, 6S)
Batting: RHB Yaakov Shmerkin Pickoff Throw to First - Out!
0-0: Ball
1-0: Fly out, F9 (Flyball, 9)
Batting: LHB John Castro 0-0: Foul Ball, location: 2F
0-1: SINGLE (Line Drive, 9LS)
Batting: RHB Qi-chao Di 0-0: Ball
1-0: Called Strike
John Castro steals 2nd base
1-1: Foul Ball, location: 2F
1-2: Foul Ball, location: 2F
1-2: DOUBLE (Line Drive, 78D)
John Castro scores
Batting: RHB Cord Hosenbeck 0-0: Ball
1-0: Fly out, F7 (Line Drive, 7)
Top of the 1st over - 1 run, 2 hits, 1 error, 1 left on base; Moose Jaw 1 - Staten Island 0
BOTTOM OF THE 1ST
Staten Island Pizza Rats batting - Pitching for Moose Jaw Canucks : LHP Leevi Kangro
Pitching: LHP Leevi Kangro
Batting: SHB Cheong-hun Kang 0-0: Ground out 5-3 (Groundball, 56S)
Batting: LHB Wilson Sabadodíaz 0-0: Ball
1-0: SINGLE (Flyball, 7S)
Batting: RHB Jesús Corona 0-0: Ball
1-0: Foul Ball, location: 2F
1-1: Ball
2-1: Swinging Strike
2-2: Strikes out swinging
Batting: LHB Don Mosley 0-0: Ball
1-0: Ball
2-0: Called Strike
2-1: SINGLE (Flyball, 8RS)
Wilson Sabadodíaz to second
Runner from 2nd tries for 3rd, SAFE, no throw
Batting: LHB Luis Aguilar 0-0: Foul Ball, location: 2F
0-1: Called Strike
0-2: Foul Ball, location: 2F
0-2: Ball
1-2: Foul Ball, location: 2F
1-2: Ball
2-2: Foul Ball, location: 2F
2-2: Ball
3-2: Foul Ball, location: 2F
3-2: Strikes out swinging
Bottom of the 1st over - 0 runs, 2 hits, 0 errors, 2 left on base; Moose Jaw 1 - Staten Island 0
TOP OF THE 2ND
Moose Jaw Canucks batting - Pitching for Staten Island Pizza Rats : LHP Artur Corteso
Batting: RHB Tim O'Brian 0-0: Called Strike
0-1: Ball
1-1: Ground out 6-3 (Groundball, 6M)
Batting: RHB Peer Kattenberg 0-0: Ball
1-0: Swinging Strike
1-1: Ball
2-1: Swinging Strike
2-2: Ball
3-2: SINGLE (Groundball, 4M) (infield hit)
Batting: RHB Bernardo Rodríguez 0-0: Ground out 5-3 (Groundball, 56S)
Peer Kattenberg to second
Batting: RHB Gary Bruce 0-0: Ball
1-0: Swinging Strike
1-1: Swinging Strike
1-2: DOUBLE (Line Drive, 78XD)
Peer Kattenberg scores
Batting: RHB António Valentín 0-0: Called Strike
0-1: Foul Ball, location: 2F
0-2: Ball
1-2: Strikes out swinging
Top of the 2nd over - 1 run, 2 hits, 0 errors, 1 left on base; Moose Jaw 2 - Staten Island 0
BOTTOM OF THE 2ND
Staten Island Pizza Rats batting - Pitching for Moose Jaw Canucks : LHP Leevi Kangro
Batting: RHB Doug Becker 0-0: Called Strike
0-1: Ball
1-1: Ball
2-1: Called Strike
2-2: Foul Ball, location: 2F
2-2: Ball
3-2: Base on Balls
Batting: LHB Ramiro Palmeiro 0-0: Ball
1-0: Ball
2-0: Called Strike
2-1: Called Strike
2-2: Fly out, F7 (Flyball, 7S)
Batting: SHB Chris Piña 0-0: Ball
1-0: Foul Ball, location: 2F
1-1: Ball
2-1: Ball
3-1: Base on Balls
Doug Becker to second
Batting: LHB Ismael Soto 0-0: Ball
1-0: Ball
2-0: SINGLE (Line Drive, 9S)
Doug Becker to third
Chris Piña to second
Batting: SHB Cheong-hun Kang 0-0: Ball
1-0: Grounds into double play, 5-4-3 (Groundball, 5)
Bottom of the 2nd over - 0 runs, 1 hit, 0 errors, 2 left on base; Moose Jaw 2 - Staten Island 0
TOP OF THE 3RD
Moose Jaw Canucks batting - Pitching for Staten Island Pizza Rats : LHP Artur Corteso
Batting: RHB Yaakov Shmerkin 0-0: Called Strike
0-1: Foul Ball, location: 2F
0-2: Foul Ball, location: 2F
0-2: Ball
1-2: SINGLE (Flyball, 8RS)
Batting: LHB John Castro 0-0: Ball
1-0: Fly out, F7 (Flyball, 7D)
Batting: RHB Qi-chao Di 0-0: Called Strike
0-1: Foul Ball, location: 2F
0-2: SINGLE (Groundball, 56D)
Yaakov Shmerkin to second
Batting: RHB Cord Hosenbeck 0-0: Ball
1-0: Called Strike
1-1: SINGLE (Line Drive, 7LS)
Yaakov Shmerkin to third
Qi-chao Di to second
Runner from 3rd tries for Home, SAFE, no throw
Batting: RHB Tim O'Brian 0-0: Ball
1-0: Reached on error, E5 (Groundball, 56)
Qi-chao Di to third
Cord Hosenbeck to second
Batting: RHB Peer Kattenberg 0-0: Ball
1-0: Ball
2-0: Called Strike
2-1: Foul Ball, location: 2F
2-2: Strikes out swinging
Batting: RHB Bernardo Rodríguez 0-0: Ball
1-0: Foul Ball, location: 2F
1-1: Ball
2-1: Foul Ball, location: 2F
2-2: Ball
3-2: Strikes out swinging
Top of the 3rd over - 1 run, 3 hits, 1 error, 3 left on base; Moose Jaw 3 - Staten Island 0
BOTTOM OF THE 3RD
Staten Island Pizza Rats batting - Pitching for Moose Jaw Canucks : LHP Leevi Kangro
Batting: LHB Wilson Sabadodíaz 0-0: Foul Ball, location: 2F
0-1: Swinging Strike
0-2: Ball
1-2: Strikes out looking
Batting: RHB Jesús Corona 0-0: Ball
1-0: Fly out, F5 (Popup, 5S)
Batting: LHB Don Mosley 0-0: Foul Ball, location: 2F
0-1: Swinging Strike
0-2: Ball
1-2: Foul Ball, location: 2F
1-2: Ground out 4-3 (Groundball, 4S)
Bottom of the 3rd over - 0 runs, 0 hits, 0 errors, 0 left on base; Moose Jaw 3 - Staten Island 0
TOP OF THE 4TH
Moose Jaw Canucks batting - Pitching for Staten Island Pizza Rats : LHP Artur Corteso
Batting: RHB Gary Bruce 0-0: Fly out, F9 (Flyball, 9S)
Batting: RHB António Valentín 0-0: Ground out 5-3 (Groundball, 56)
Batting: RHB Yaakov Shmerkin 0-0: Ball
1-0: Called Strike
1-1: Foul Ball, location: 2F
1-2: Ball
2-2: Ball
3-2: Foul Ball, location: 2F
3-2: Base on Balls
Batting: LHB John Castro 0-0: Called Strike
0-1: Ball
1-1: Foul Ball, location: 2F
1-2: Foul Ball, location: 2F
1-2: SINGLE (Groundball, 34D)
Yaakov Shmerkin to second
Runner from 2nd tries for 3rd, SAFE, throw made to third
Batting: RHB Qi-chao Di 0-0: Fly out, F8 (Line Drive, 8LD)
Top of the 4th over - 0 runs, 1 hit, 0 errors, 2 left on base; Moose Jaw 3 - Staten Island 0
BOTTOM OF THE 4TH
Staten Island Pizza Rats batting - Pitching for Moose Jaw Canucks : LHP Leevi Kangro
Batting: LHB Luis Aguilar 0-0: Called Strike
0-1: Swinging Strike
0-2: Ball
1-2: Foul Ball, location: 2F
1-2: Strikes out swinging
Batting: RHB Doug Becker 0-0: Ball
1-0: Called Strike
1-1: Called Strike
1-2: Ball
2-2: Strikes out swinging
Batting: LHB Ramiro Palmeiro 0-0: Ball
1-0: Ball
2-0: Foul Ball, location: 2F
2-1: Foul Ball, location: 2F
2-2: Ground out 5-3 (Groundball, 56)
Bottom of the 4th over - 0 runs, 0 hits, 0 errors, 0 left on base; Moose Jaw 3 - Staten Island 0
TOP OF THE 5TH
Moose Jaw Canucks batting - Pitching for Staten Island Pizza Rats : LHP Artur Corteso
Batting: RHB Cord Hosenbeck 0-0: Ball
1-0: Ball
2-0: Ground out 6-3 (Groundball, 6)
Batting: RHB Tim O'Brian 0-0: Ball
1-0: DOUBLE (Flyball, 89D)
Batting: RHB Peer Kattenberg 0-0: Foul Ball, location: 2F
0-1: Fly out, F3 (Line Drive, 34)
Batting: RHB Bernardo Rodríguez 0-0: Ball
1-0: Fly out, F3 (Popup, 34S)
Top of the 5th over - 0 runs, 1 hit, 0 errors, 1 left on base; Moose Jaw 3 - Staten Island 0
BOTTOM OF THE 5TH
Staten Island Pizza Rats batting - Pitching for Moose Jaw Canucks : LHP Leevi Kangro
Batting: SHB Chris Piña 0-0: Called Strike
0-1: Foul Ball, location: 2F
0-2: Ball
1-2: Ball
2-2: Ball
3-2: Foul Ball, location: 2F
3-2: Fly out, F7 (Line Drive, 7)
Batting: LHB Ismael Soto 0-0: Swinging Strike
0-1: Called Strike
0-2: Strikes out swinging
Batting: SHB Cheong-hun Kang 0-0: Called Strike
0-1: Ball
1-1: Ball
2-1: TRIPLE (Flyball, 8RXD)
Batting: LHB Wilson Sabadodíaz 0-0: Ball
1-0: Ball
2-0: Ball
3-0: Called Strike
3-1: Base on Balls
Batting: RHB Jesús Corona 0-0: Foul Ball, location: 2F
0-1: Foul Ball, location: 2F
0-2: Ball
Wilson Sabadodíaz steals 2nd base
1-2: SINGLE (Groundball, 6D)
Cheong-hun Kang scores
Wilson Sabadodíaz to third
Runner from 3rd tries for Home, SAFE, no throw
Batting: LHB Don Mosley 0-0: Called Strike
0-1: Foul Ball, location: 2F
0-2: DOUBLE (Flyball, 8LXD)
Jesús Corona to third
Jesús Corona scores
Batting: LHB Luis Aguilar 0-0: Foul Ball, location: 2F
0-1: Swinging Strike
0-2: Fly out, F6 (Flyball, 56D)
Bottom of the 5th over - 3 runs, 3 hits, 0 errors, 1 left on base; Moose Jaw 3 - Staten Island 3
TOP OF THE 6TH
Moose Jaw Canucks batting - Pitching for Staten Island Pizza Rats : LHP Artur Corteso
Batting: RHB Gary Bruce 0-0: SINGLE (Flyball, 78S)
Batting: RHB António Valentín 0-0: Ball
1-0: Ball
2-0: Ball
3-0: Base on Balls
Gary Bruce to second
Batting: RHB Yaakov Shmerkin 0-0: Foul Ball, location: 2F
0-1: Ball
1-1: Sac Bunt - play at first, batter OUT! 5-4
Gary Bruce to third
António Valentín to second
Batting: LHB John Castro 0-0: Ball
1-0: Ball
2-0: SINGLE (Line Drive, 9S)
Gary Bruce scores
António Valentín to third
Batting: RHB Qi-chao Di 0-0: Ball
1-0: Ball
2-0: Fly out, F7 (Flyball, 7)
Runner from 3rd tags up, OUT at HOME
Top of the 6th over - 1 run, 2 hits, 0 errors, 1 left on base; Moose Jaw 4 - Staten Island 3
BOTTOM OF THE 6TH
Staten Island Pizza Rats batting - Pitching for Moose Jaw Canucks : LHP Leevi Kangro
Batting: RHB Doug Becker 0-0: Fly out, F7 (Flyball, 78S)
Batting: LHB Ramiro Palmeiro 0-0: Called Strike
0-1: Hit by Pitch
Batting: SHB Chris Piña 0-0: Fly out, F7 (Flyball, 7S)
Batting: LHB Ismael Soto 0-0: Called Strike
0-1: Ball
1-1: Ball
2-1: 2-RUN HOME RUN (Flyball, 9D), Distance : 388 ft
Batting: SHB Cheong-hun Kang 0-0: Ball
1-0: Called Strike
1-1: Ground out 5-3 (Groundball, 56)
Bottom of the 6th over - 2 runs, 1 hit, 0 errors, 0 left on base; Moose Jaw 4 - Staten Island 5
TOP OF THE 7TH
Moose Jaw Canucks batting - Pitching for Staten Island Pizza Rats : LHP Artur Corteso
Batting: RHB Cord Hosenbeck 0-0: Foul Ball, location: 2F
0-1: SINGLE (Line Drive, 5S)
Pitching: RHP Tadao Tsukamoto
Batting: RHB Tim O'Brian 0-0: Ball
1-0: Ball
2-0: Ball
3-0: Base on Balls
Cord Hosenbeck to second
Batting: RHB Peer Kattenberg 0-0: Sac Bunt - play at first, batter OUT! 1-4
Cord Hosenbeck to third
Tim O'Brian to second
Pinch Hitting: RHB An-te-hai Qing 0-0: Ball
1-0: DOUBLE (Line Drive, 7LD)
Cord Hosenbeck scores
Tim O'Brian scores
Batting: RHB Gary Bruce 0-0: Ball
1-0: Called Strike
1-1: Ball
2-1: Foul Ball, location: 2F
2-2: Ball
3-2: Foul Ball, location: 2F
3-2: Foul Ball, location: 2F
3-2: Ground out U3 (Groundball, 34S)
An-te-hai Qing to third
Batting: RHB António Valentín 0-0: Ground out 6-3 (Groundball, 56)
Top of the 7th over - 2 runs, 2 hits, 0 errors, 1 left on base; Moose Jaw 6 - Staten Island 5
BOTTOM OF THE 7TH
Staten Island Pizza Rats batting - Pitching for Moose Jaw Canucks : LHP Leevi Kangro
Now at SS: An-te-hai Qing
Batting: LHB Wilson Sabadodíaz 0-0: Ball
1-0: SINGLE (Line Drive, 34D)
Pitching: RHP Billy Threepwood
Batting: RHB Jesús Corona 0-0: Ball
1-0: Ball
2-0: Called Strike
2-1: Swinging Strike
2-2: Ball
3-2: Foul Ball, location: 2F
3-2: Foul Ball, location: 2F
3-2: Reached on error, E1 (Groundball, P)
Wilson Sabadodíaz to second
Batting: LHB Don Mosley 0-0: Called Strike
0-1: Ball
1-1: Ball
2-1: Foul Ball, location: 2F
2-2: Ball
3-2: Foul Ball, location: 2F
3-2: Fly out, F9 (Flyball, 89M)
Batting: LHB Luis Aguilar 0-0: Ball
1-0: Ball
2-0: Called Strike
2-1: Foul Ball, location: 2F
2-2: Grounds into double play, 5-4-3 (Groundball, 5)
Bottom of the 7th over - 0 runs, 1 hit, 1 error, 1 left on base; Moose Jaw 6 - Staten Island 5
TOP OF THE 8TH
Moose Jaw Canucks batting - Pitching for Staten Island Pizza Rats : RHP Tadao Tsukamoto
Batting: RHB Yaakov Shmerkin 0-0: Called Strike
0-1: Fly out, F8 (Flyball, 8RD)
Batting: LHB John Castro 0-0: Foul Ball, location: 2F
0-1: Ball
1-1: Ball
2-1: Foul Ball, location: 2F
2-2: Ground out 5-3 (Groundball, 5L)
Batting: RHB Qi-chao Di 0-0: Called Strike
0-1: Ball
1-1: Ball
2-1: Called Strike
2-2: Ball
3-2: Base on Balls
Batting: RHB Cord Hosenbeck 0-0: Ball
1-0: Swinging Strike
1-1: Ball
2-1: Fielders Choice at 2nd, 4-6 (Groundball, 4MD)
Top of the 8th over - 0 runs, 0 hits, 0 errors, 1 left on base; Moose Jaw 6 - Staten Island 5
BOTTOM OF THE 8TH
Staten Island Pizza Rats batting - Pitching for Moose Jaw Canucks : RHP Billy Threepwood
Batting: RHB Doug Becker 0-0: Ball
1-0: Ball
2-0: Ball
3-0: Called Strike
3-1: Base on Balls
Batting: LHB Ramiro Palmeiro 0-0: Called Strike
0-1: Ball
1-1: Fielders Choice at 2nd, 5-4 (Groundball, 5)
Batting: SHB Chris Piña 0-0: Foul Ball, location: 2F
0-1: Ball
1-1: Foul Ball, location: 2F
1-2: Ball
2-2: Foul Ball, location: 2F
2-2: Fly out, F8 (Flyball, 8RM)
Batting: LHB Ismael Soto 0-0: Foul Ball, location: 2F
0-1: Foul Ball, location: 2F
0-2: Ground out 1-3 (Groundball, 15)
Bottom of the 8th over - 0 runs, 0 hits, 0 errors, 1 left on base; Moose Jaw 6 - Staten Island 5
TOP OF THE 9TH
Moose Jaw Canucks batting - Pitching for Staten Island Pizza Rats : RHP Tadao Tsukamoto
Batting: RHB Tim O'Brian 0-0: Ball
1-0: Swinging Strike
1-1: Ball
2-1: Ball
3-1: Called Strike
3-2: Base on Balls
Batting: RHB Peer Kattenberg 0-0: Bunted foul
0-1: Sac Bunt - play at first, batter OUT! 1-4
Tim O'Brian to second
Batting: RHB An-te-hai Qing 0-0: Ball
Balk!
Tim O'Brian to third
1-0: Ball
2-0: SINGLE (Line Drive, 7S)
Tim O'Brian scores
Batting: RHB Gary Bruce 0-0: Foul Ball, location: 2F
0-1: DOUBLE (Flyball, 8RD)
An-te-hai Qing to third
Batting: RHB António Valentín 0-0: Ball
1-0: Foul Ball, location: 2F
1-1: Ball
2-1: Foul Ball, location: 2F
2-2: Ball
3-2: SINGLE (Groundball, 34D)
An-te-hai Qing scores
Gary Bruce to third
Runner from 3rd tries for Home, throw and OUT!
Batting: RHB Yaakov Shmerkin 0-0: Called Strike
0-1: Ball
1-1: Ball
Balk!
António Valentín to second
2-1: Swinging Strike
2-2: Foul Ball, location: 2F
2-2: Foul Ball, location: 2F
2-2: SINGLE (Line Drive, 8RS)
António Valentín to third
Batting: LHB John Castro 0-0: Called Strike
0-1: SINGLE (Groundball, 56) (infield hit)
António Valentín scores
Yaakov Shmerkin to second
Pitching: RHP Millard Murphy
Batting: RHB Qi-chao Di 0-0: Ball
1-0: Ball
2-0: Ball
3-0: Base on Balls
Yaakov Shmerkin to third
John Castro to second
Batting: RHB Cord Hosenbeck 0-0: Foul Ball, location: 2F
0-1: Ball
1-1: Foul Ball, location: 2F
1-2: Ball
2-2: Strikes out swinging
Top of the 9th over - 3 runs, 5 hits, 0 errors, 3 left on base; Moose Jaw 9 - Staten Island 5
BOTTOM OF THE 9TH
Staten Island Pizza Rats batting - Pitching for Moose Jaw Canucks : RHP Billy Threepwood
Batting: SHB Cheong-hun Kang 0-0: Called Strike
0-1: Swinging Strike
0-2: Foul Ball, location: 2F
0-2: Ball
1-2: Foul Ball, location: 2F
1-2: Fly out, F9 (Flyball, 9S)
Batting: LHB Wilson Sabadodíaz 0-0: Ball
1-0: Foul Ball, location: 2F
1-1: Ball
2-1: Swinging Strike
2-2: Foul Ball, location: 2F
2-2: Ball
3-2: Ground out 5-3 (Groundball, 5)
Batting: RHB Jesús Corona 0-0: Called Strike
0-1: Ball
1-1: Reached on error, E5 (Groundball, 56S)
Batting: LHB Don Mosley 0-0: Called Strike
0-1: Called Strike
0-2: Strikes out swinging
Bottom of the 9th over - 0 runs, 0 hits, 1 error, 1 left on base; Moose Jaw 9 - Staten Island 5
Saturday, December 22nd, 2018 - OOTP Baseball 18.8 Build 76